 Dungeon Crawl Stone Soup version 0.24-a0-164-g56e1b8f (webtiles) character file.

Game seed: 18345703692478472440

22418 jerryfan the Fighter (level 13, -3/122 HPs)
             Began as a Hill Orc Monk on Mar 6, 2019.
             Was a Believer of Beogh (penitent).
             Killed by divine providence
             ... invoked by an orc priest
             ... led by the wrath of Beogh
              (11 damage)
             ... on level 11 of the Dungeon.
             The game lasted 00:48:58 (18709 turns).

jerryfan the Fighter (Hill Orc Monk)               Turns: 18709, Time: 00:48:58

Health: -3/122     AC: 23    Str: 22    XL:     13   Next: 0%
Magic:  22/22      EV:  8    Int: 10    God:    Beogh [*]
Gold:   1025       SH:  0    Dex: 13    Spells: 12/12 levels left

rFire    . . .     SeeInvis .   P - +10 mace of Xoeloif {venom, Str+3}
rCold    . . .     Gourm    +   (no shield)
rNeg     . . .     Faith    .   R - +4 plate armour
rPois    +         Spirit   .   K - +0 helmet
rElec    .         Reflect  .   y - +0 cloak
rCorr    +         Harm     .   (no gloves)
MR       .....                  J - +0 pair of boots
Stlth    ..........             l - amulet of the gourmand
HPRegen  0.30/turn              V - ring of resist corrosion
MPRegen  0.18/turn              s - ring of poison resistance

@: very slightly contaminated
A: no striking features
a: Renounce Religion


You were on level 11 of the Dungeon.
You worshipped Beogh.
Beogh was demanding penance.
You were completely stuffed.

You visited 3 branches of the dungeon, and saw 16 of its levels.

You collected 1272 gold pieces.
You spent 247 gold pieces at shops.

Inventory:

Hand Weapons
 a - a +1 falchion
 f - a +1 dagger of holy wrath
 n - a +0 war axe of electrocution
 x - a +0 blowgun
 G - a +1 spear of freezing
 O - a +1 scimitar of slicing
 P - the +10 mace of Xoeloif (weapon) {venom, Str+3}
   (You found it on level 7 of the Dungeon)

   It poisons the flesh of those it strikes.
   It affects your strength (+3).
Missiles
 h - 338 stones (quivered)
 r - 4 throwing nets
 M - 7 tomahawks of returning
Armour
 e - a +0 ring mail
 y - a +0 cloak (worn)
 J - a +0 pair of boots (worn)
 K - a +0 helmet (worn)
 R - a +4 plate armour (worn)
Jewellery
 g - an uncursed ring of protection from fire
 l - an amulet of the gourmand (around neck)
 s - a ring of poison resistance (right hand)
 A - an uncursed amulet of magic regeneration
 C - an uncursed ring of protection from fire
 V - a ring of resist corrosion (left hand)
 X - an uncursed amulet of rage
Wands
 v - a wand of flame (15)
Scrolls
 d - 8 scrolls of remove curse
 j - a scroll of fog
 k - 7 scrolls of identify
 m - a scroll of blinking
 p - 4 scrolls of teleportation
 u - a scroll of enchant weapon
 z - a scroll of brand weapon
 H - 5 scrolls of amnesia
 N - 5 scrolls of magic mapping
 S - 2 scrolls of torment
Potions
 b - a potion of degeneration {unknown}
 i - 2 potions of haste
 o - 2 potions of magic
 q - 2 potions of might {unknown}
 t - 2 potions of flight {unknown}
 w - a potion of berserk rage {unknown}
 D - a potion of curing
 E - 3 potions of invisibility {unknown}
 L - a potion of brilliance
 Q - a potion of lignification {unknown}
 W - 4 potions of mutation {unknown}
Comestibles
 c - 16 rations
 B - 6 chunks of flesh


   Skills:
 + Level 13.2 Fighting
 - Level 11.9 Long Blades
 * Level 4.0 Maces & Flails
 + Level 11.7 Armour
 - Level 2.4 Dodging
 - Level 1.5 Stealth
 + Level 12.2 Invocations


You had 12 spell levels left.
You didn't know any spells.
Your spell library contained the following spells:

 Spells                   Type           Power        Failure   Level  Hunger
 Confusing Touch          Hex            #.....       99%         1    ##.....
 Magic Dart               Conj           #...         99%         1    ##.....
 Blink                    Tloc           N/A          100%        2    ###....
 Call Imp                 Summ           #.......     100%        2    ###....
 Slow                     Hex            #.......     100%        2    ###....
 Confuse                  Hex            #.......     100%        3    ####...
 Conjure Flame            Conj/Fire      #.......     100%        3    ####...
 Gell's Gravitas          Tloc           #.........   100%        3    ####...
 Mephitic Cloud           Conj/Pois/Air  #.......     100%        3    ####...
 Cause Fear               Hex            #.........   100%        4    #####..
 Petrify                  Tmut/Erth      #.......     100%        4    #####..
 Metabolic Englaciation   Hex/Ice        #.........   100%        5    ######.
 Silence                  Hex/Air        #.........   100%        5    ######.
 Yara's Violent Unravell  Hex/Tmut       #.........   100%        5    ######.
 Deflect Missiles         Chrm/Air       #.........   100%        6    #######
 Discord                  Hex            #.........   100%        8    #######


Dungeon Overview and Level Annotations

Branches:
Dungeon (11/15)            Temple (0/1) D:4            Lair (3/6) D:8
  Snake (0/4) Lair:2          Orc (2/2) D:10            Elf (0/3) Orc:2
  Swamp: Lair:2-4    Shoals: Lair:2-4

Altars:
Cheibriados
Elyvilon
Gozag
Kikubaaqudgha
Makhleb
Nemelex Xobeh
Okawaru
Qazlal
Sif Muna
Trog
Wu Jian
The Shining One
Beogh

Shops:
D:5 ?   D:7 ?(   D:9 :

Annotations:
D:8 exclusion: 2 downstairs
D:9 Gastronok
D:10 exclusions: downstairs and orc


Message History

Your surroundings suddenly seem different.
The orc priest begins to cast a cantrip, but forgets the words!
Found a stone staircase leading down.
An orc comes into view. It is wielding a +0 short sword.
Something hits you.
* * * LOW HITPOINT WARNING * * *
Deactivating autopickup; reactivate with Ctrl-A.
Blink to where?
Press: ? - help, Dir - move target cursor Really blink into that teleport trap?
You enter a teleport trap!
The teleport trap disappears.
Your surroundings suddenly seem different.
As you read the scroll of blinking, it crumbles to dust.
An orc warrior comes into view. It is wielding a +0 trident.
Ugrim shouts!
The orc shouts! x2; The orc warrior shouts!
An orc comes into view.
It is wielding a +1 falchion of protection.
The orc priest invokes the aid of Beogh against you.
Beogh smites you!
You die...
Beogh appreciates the orc priest's killing of a heretic priest.

......#
#........<..(.o§O.oo
......#
#...o..........#####
......# #..............#
# #####.#
#..............# # #.#
#..............# # #.#
#..............# # #.#
#..o...........# #
#..............#
#..@...........
#o..o..........#####
.?....................
#^......######..........
#....o.o# #..........
#.......# #.....)D...
#.......# #.....)....
#?..o...# #.....<....
#..........


You could see Ugrim the orc warlord, 2 orc warriors, an orc priest and 3 orcs.

Vanquished Creatures
  2 hydras (D:11)
  An orc high priest (Orc:2)
  An unseen horror (D:8)
  An orc knight (D:11)
  An ugly thing (D:11)
  An orc sorcerer (Orc:2)
  A cyclops (D:11)
  3 spiny frogs (Lair:1)
  3 rime drakes
  A komodo dragon (D:7)
  A jumping spider (Lair:1)
  3 trolls
  Prince Ribbit (D:7)
  Grinder (D:3)
  A tyrant leech (Lair:3)
  A slime creature (Lair:3)
  4 hippogriffs
  A wraith (D:11)
  23 yaks
  A wyvern (D:11)
  A basilisk (D:8)
  2 hungry ghosts
  A steam dragon (D:10)
  Grum (D:8)
  A swamp worm (Lair:3)
  7 water moccasins
  Edmund (D:6)
  11 orc warriors
  13 porcupines
  2 ice beasts
  A sky beast (D:8)
  A black bear (D:7)
  3 phantoms
  A boggart (D:4)
  A tengu (D:4)
  7 ogres
  4 wolves (D:8)
  2 centaurs (D:7)
  2 crocodiles (D:8)
  A big kobold (D:11)
  9 bullfrogs
  An elf skeleton (D:8)
  A wyvern skeleton (D:11)
  2 scorpions
  5 killer bees
  4 howler monkeys
  2 bullfrog zombies
  3 crimson imps
  A quasit (D:8)
  A bullfrog skeleton (D:11)
  9 hounds
  3 jellies
  A human zombie (D:8)
  18 orc priests
  14 orc wizards
  A centaur skeleton (D:7)
  A gnoll shaman (D:5)
  A human skeleton (D:8)
  Crazy Yiuf (D:7)
  Terence (D:2)
  6 iguanas
  Natasha (twice) (D:2)
  8 worker ants
  A killer bee zombie (D:5)
  2 hound skeletons (D:4)
  A worker ant zombie (D:8)
  5 adders
  15 gnolls
  3 shadow imps
  An ooze (D:3)
  An adder skeleton (D:8)
  3 worms
  10 leopard geckos
  38 orcs
  7 giant cockroaches
  11 goblins
  5 hobgoblins
  11 jackals
  16 kobolds
  A quokka (D:2)
  4 ball pythons
  5 bats
  9 frilled lizards
  A leopard gecko zombie (D:6)
  3 orc zombies (D:8)
  A quokka zombie (D:5)
  12 rats
376 creatures vanquished.

Vanquished Creatures (collateral kills)
  A two-headed ogre (Orc:1)
  An orc knight (Orc:2)
  A hornet (D:11)
  A shadow (D:11)
  A yak (D:10)
  A hungry ghost (D:10)
  A warg (Orc:2)
  4 orc warriors
  An ogre (D:11)
  A crimson imp (D:10)
  A hound (D:10)
  2 orc priests (Orc:2)
  3 orc wizards (Orc:2)
  2 hound zombies (D:10)
  6 orcs
27 creatures vanquished.

Vanquished Creatures (others)
  An orc high priest (Orc:2)
  5 orc warriors
  4 orc priests
  5 orc wizards
  An adder (D:5)
  23 orcs
  A jackal (D:5)
  4 bushes (D:8)
  3 fungi (D:8)
  14 plants (D:8)
61 creatures vanquished.

Grand Total: 464 creatures vanquished

Notes
Turn   | Place    | Note
-------+----------+-------------------------------------------
     0 | D:1      | jerryfan the Hill Orc Monk began the quest for the Orb.
     0 | D:1      | Reached XP level 1. HP: 19/19 MP: 1/1
   125 | D:1      | Reached XP level 2. HP: 23/27 MP: 2/2
   271 | D:1      | Reached skill level 1 in Armour
   407 | D:1      | Reached skill level 4 in Fighting
   679 | D:1      | Reached XP level 3. HP: 28/33 MP: 3/3
  1060 | D:2      | Noticed Terence
  1079 | D:2      | Killed Terence
  1079 | D:2      | Reached XP level 4. HP: 39/41 MP: 4/4
  1107 | D:2      | Found a faded altar of an unknown god.
  1398 | D:2      | Found a sparkling altar of Nemelex Xobeh.
  1435 | D:2      | Noticed Natasha
  1448 | D:2      | Killed Natasha
  1685 | D:2      | Noticed Natasha
  1688 | D:2      | Killed Natasha
  1688 | D:2      | Reached XP level 5. HP: 47/47 MP: 5/5
  1692 | D:2      | Found a stormy altar of Qazlal.
  1896 | D:2      | Found a bloodstained altar of Trog.
  2007 | D:2      | Reached skill level 5 in Fighting
  2454 | D:3      | Found a bloodstained altar of Trog.
  2479 | D:3      | Noticed Grinder
  2564 | D:3      | Killed Grinder
  2564 | D:3      | Reached skill level 5 in Long Blades
  2564 | D:3      | Reached XP level 6. HP: 56/57 MP: 6/6
  2826 | D:3      | Found a snail-covered altar of Cheibriados.
  3054 | D:3      | Found an ornate altar of the Wu Jian Council.
  3381 | D:4      | Noticed a water moccasin
  3387 | D:4      | Killed a water moccasin
  3387 | D:4      | Reached skill level 6 in Fighting
  3387 | D:4      | Reached XP level 7. HP: 53/63 MP: 7/7
  3663 | D:4      | HP: 3/64 [tengu (3)]
  3943 | D:4      | Found a staircase to the Ecumenical Temple.
  4132 | D:4      | Reached skill level 5 in Armour
  4170 | D:4      | Reached skill level 7 in Fighting
  4282 | D:4      | Reached XP level 8. HP: 39/73 MP: 8/8
  4326 | D:5      | Entered Level 5 of the Dungeon
  4441 | D:5      | Became a worshipper of Beogh the Brigand
  4441 | D:5      | Reached * piety under Beogh
  4441 | D:5      | Reached ** piety under Beogh
  4919 | D:5      | Reached skill level 1 in Invocations
  5171 | D:5      | Found Bowkya Mifu's Magic Scroll Shop.
  5179 | D:5      | Bought 3 scrolls of blinking for 247 gold pieces
  5210 | D:5      | Found a white marble altar of Elyvilon.
  5213 | D:5      | Found a glowing golden altar of the Shining One.
  5215 | D:5      | Found an opulent altar of Gozag.
  5265 | D:5      | Noticed a hippogriff
  5285 | D:5      | Killed a hippogriff
  5285 | D:5      | Reached skill level 8 in Fighting
  5584 | D:6      | Noticed Edmund
  5599 | D:6      | Killed Edmund
  5599 | D:6      | Reached XP level 9. HP: 59/81 MP: 11/11
  5837 | D:6      | Found a deep blue altar of Sif Muna.
  6532 | D:7      | Found Lixt's Weapon Shoppe.
  6533 | D:7      | Noticed Prince Ribbit
  6562 | D:7      | Killed Prince Ribbit
  6896 | D:7      | Found a runed translucent door.
  6897 | D:7      | Noticed Crazy Yiuf
  6905 | D:7      | Killed Crazy Yiuf
  6911 | D:7      | Got a transparent mace
  6912 | D:7      | Identified the +10 mace of Xoeloif {venom, Str+3} (You
                  | found it on level 7 of the Dungeon)
  7030 | D:7      | Reached skill level 5 in Invocations
  7176 | D:7      | Reached *** piety under Beogh
  7176 | D:7      | Reached skill level 9 in Fighting
  7318 | D:7      | Found Jiawina's Magic Scroll Shoppe.
  7344 | D:7      | Found an ancient bone altar of Kikubaaqudgha.
  7344 | D:7      | Found a burning altar of Makhleb.
  7345 | D:7      | Found a deep blue altar of Sif Muna.
  7841 | D:7      | Noticed a komodo dragon
  7848 | D:7      | Killed a komodo dragon
  8016 | D:8      | Killed an unseen horror
  8016 | D:8      | Reached XP level 10. HP: 56/93 MP: 13/15
  8208 | D:8      | Found an iron altar of Okawaru.
  8216 | D:8      | Reached skill level 10 in Fighting
  8505 | D:8      | Found a staircase to the Lair.
  8831 | D:8      | Noticed Grum
  9457 | D:8      | Killed Grum
  9888 | D:9      | Reached skill level 10 in Long Blades
  9888 | D:9      | Reached XP level 11. HP: 26/101 MP: 17/17
 10239 | D:9      | Noticed Gastronok
 10727 | D:8      | Reached skill level 11 in Fighting
 11071 | D:9      | Found Hoysosm's Book Boutique.
 11195 | D:10     | Entered Level 10 of the Dungeon
 11561 | D:10     | Found a roughly hewn altar of Beogh.
 11561 | D:10     | Found a staircase to the Orcish Mines.
 11944 | D:10     | Reached skill level 10 in Armour
 12084 | D:11     | Noticed a green ugly thing
 12118 | D:11     | Noticed a four-headed hydra
 12257 | D:11     | Noticed a six-headed hydra
 12261 | D:11     | Paralysed by a hornet for 3 turns
 12603 | Lair:1   | Entered Level 1 of the Lair of Beasts
 12633 | Lair:1   | Reached skill level 10 in Invocations
 13334 | Lair:1   | Reached skill level 12 in Fighting
 13353 | Lair:1   | Found a burning altar of Makhleb.
 13806 | Lair:2   | Reached XP level 12. HP: 64/112 MP: 18/20
 14090 | Lair:2   | Found a staircase to the Snake Pit.
 14762 | Lair:3   | Reached **** piety under Beogh
 15247 | Lair:3   | Noticed a seven-headed hydra
 15436 | Orc:1    | Entered Level 1 of the Orcish Mines
 15692 | Orc:1    | Noticed a two-headed ogre
 15699 | Orc:1    | Killed a two-headed ogre
 15984 | Orc:2    | Entered Level 2 of the Orcish Mines
 16000 | Orc:2    | Found a staircase to the Elven Halls.
 16210 | Orc:2    | Noticed an orc high priest
 16214 | Orc:2    | Noticed an orc high priest
 16214 | Orc:2    | Noticed an orc high priest
 16219 | Orc:2    | Was placed under penance by Beogh
 16227 | Orc:2    | Killed an orc high priest
 16230 | Orc:2    | Noticed an orc high priest
 16501 | Orc:1    | Noticed Marbork
 16506 | Orc:2    | Noticed a sun demon
 16663 | Orc:1    | Noticed a soul eater
 17780 | D:11     | Killed a six-headed hydra
 17808 | D:11     | Reached skill level 1 in Maces & Flails
 17967 | D:11     | Killed a four-headed hydra
 17967 | D:11     | Reached skill level 13 in Fighting
 17987 | D:11     | Noticed Ugrim
 18617 | D:11     | Reached XP level 13. HP: 15/122 MP: 22/22
 18709 | D:11     | Killed from afar by an orc priest

Levels and vault maps discovered:
D:1:      dpeg_arrival_subterranean_lakeside_camping, layout_loops_ring,
          st_stairs_14
D:2:      layout_basic, overflow_temple_1_default, old_standard_altar,
          chequers_ecumenical_altar_island, first_ration, columned_hall_lemuel,
          minmay_misc_feat_enclosed, trog_hazing_becter, uniq_terence,
          uniq_natasha
D:3:      layout_basic, marbit_many_paths, old_standard_altar,
          trog_three_pillars_becter, uniq_grinder
D:4:      layout_rooms, minmay_temple_entry_statues_pillars,
          kennysheep_generic_room_5
D:5:      layout_basic, grunt_temple_overflow_open, serial_shops, shop
D:6:      layout_cave_pools, basic_altar, uniq_edmund
D:7:      layout_gridville, chequers_temple_overflow_statue_of_worship,
          serial_shops, shop, nicolae_shop_waterfront, uniq_crazy_yiuf_cottage,
          uniq_prince_ribbit1
D:8:      layout_layer_cave, minmay_lair_entry_grove,
          nicolae_ossuary_entry_catacombs, basic_altar, uniq_grum
D:9:      layout_long_grid, serial_shops, nicolae_shop_behind_doors,
          uniq_gastronok
D:10:     layout_big_octagon, david_orc_5
D:11:     layout_small_grid
Lair:1:   layout_chaotic_city, basic_altar, serial_bayou_shore_b
Lair:2:   layout_regular_city, dummy_snake_entry
Lair:3:   layout_cave_pods, palyth_hydra_swamp_entry, serial_bayou_shore_a
Orc:1:    layout_caves
Orc:2:    st_orc_mages, layout_caves, nicolae_orc_flooded_monolith

Skill      XL: |  1  2  3  4  5  6  7  8  9 10 11 12 |
---------------+-------------------------------------+-----
Armour         | 1 2 3 4 5 6 8 9 10 11 | 11.7
Fighting       | 4 5 6 7 8 9 10 12 13 | 13.2
Long Blades    | 4 5 6 7 9 10 11 | 11.9
Invocations    | 3 6 8 10 12 | 12.2
Maces & Flails | 4 |  4.0
Dodging        | |  2.4
Stealth        | |  1.5

Action                   |  1- 3 |  4- 6 |  7- 9 | 10-12 | 13-15 || total
-------------------------+-------+-------+-------+-------+-------++-------
Melee: Falchion          |    94 |   140 |   504 |   365 |       ||  1103
       Scimitar          |       |       |       |   326 |       ||   326
       Mace              |       |       |       |   126 |     2 ||   128
Throw: Stone             |       |       |     1 |       |       ||     1
Invok: Convert to Beogh  |       |       |     1 |       |       ||     1
       Smiting           |       |       |     1 |    24 |       ||    25
       Recall Orcish Fol |       |       |       |     1 |       ||     1
Evoke: Wand              |       |    10 |    27 |    39 |       ||    76
  Use: Scroll            |     4 |     3 |     3 |    17 |     3 ||    30
       Potion            |       |       |     4 |     3 |     1 ||     8
 Stab: Sleeping          |     2 |     1 |       |       |       ||     3
       Paralysed         |       |       |    22 |       |       ||    22
       Confused          |       |       |     1 |       |       ||     1
       Distracted        |       |       |       |     1 |       ||     1
  Eat: Chunk             |       |     8 |    31 |    56 |     3 ||    98
       Ration            |       |       |       |     4 |       ||     4
Armor: Robe              |     9 |       |       |       |       ||     9
       Ring mail         |     9 |    36 |   231 |   162 |       ||   438
       Plate armour      |       |       |       |   382 |     1 ||   383
Dodge: Dodged            |    77 |    91 |   273 |   433 |     1 ||   875
       Rpst.: Falchion   |    28 |    26 |    77 |    79 |       ||   210
       Scimitar          |       |       |       |    36 |       ||    36

Table legend:
 A = Non-vault XP
 B = Vault XP
 C = Vault XP percentage of total XP
 D = Non-vault monster count
 E = Vault monster count
 F = Vault count percentage of total count
                 A         B        C        D         E       F
            +---------+---------+-------+---------+---------+-------
      Total |   24747 |    7279 |  22.7 |     306 |      88 |  22.3
            +---------+---------+-------+---------+---------+-------
        D:1 |      35 |      11 |  23.9 |      23 |       7 |  23.3
        D:2 |      65 |      81 |  55.5 |      18 |       8 |  30.8
        D:3 |      34 |     279 |  89.1 |      18 |       2 |  10.0
        D:4 |     655 |     130 |  16.6 |      25 |       2 |   7.4
        D:5 |     844 |       0 |   0.0 |      30 |       0 |   0.0
        D:6 |     375 |     145 |  27.9 |      14 |       1 |   6.7
        D:7 |    1243 |     322 |  20.6 |      24 |       2 |   7.7
        D:8 |    2071 |    2782 |  57.3 |      27 |      24 |  47.1
        D:9 |    1013 |       0 |   0.0 |      16 |       0 |   0.0
       D:10 |    3002 |     260 |   8.0 |      25 |      10 |  28.6
       D:11 |    6958 |       0 |   0.0 |      36 |       0 |   0.0
     Lair:1 |    3332 |       0 |   0.0 |      15 |       0 |   0.0
     Lair:2 |    1901 |       0 |   0.0 |      12 |       0 |   0.0
     Lair:3 |     773 |     681 |  46.8 |       5 |       3 |  37.5
      Orc:1 |    1281 |       0 |   0.0 |       5 |       0 |   0.0
      Orc:2 |    1165 |    2588 |  69.0 |      13 |      29 |  69.0
            +---------+---------+-------+---------+---------+-------
